Map: Orbital Shipyard

Players

qxc

  • Race: Terran Terran
  • League: Master

Beastyqt - Winner!

  • Race: Terran Terran
  • League: Master

Event: Lycan League Weekly August #2

VOD

Have the link to the VOD?

Description

Time

  • Played on: Aug. 10, 2015, 4:09 p.m.
  • Length: 14:56

All games in this series

Show
View Real Time Build Order
Export as new Build Order

qxc Terran 

Build Orders:  

Get SALT Encoding   

  12  0:01  SCV  
  13  0:13  SCV  
  14  0:17  Supply Depot  
  14  0:25  SCV  
  15  0:32  Refinery  
  15  0:39  SCV  
  16  0:44  Barracks  
  16  0:51  SCV  
  17  1:03  SCV  
  18  1:15  SCV  
  19  1:31  Orbital Command  
  19  1:32  Reaper  
  20  1:39  Barracks  
  20  1:43  Barracks  
  20  1:48  Supply Depot  
  20  1:57  Bunker  
  20  1:59  SCV  
  21  2:04  Reaper  
  22  2:11  SCV  
  21  2:23  SCV  
  21  2:26  Reaper  
  22  2:32  Reaper  
  23  2:41  SCV  
  23  2:42  Reaper  
  25  2:47  Supply Depot  
  25  2:50  Supply Depot  
  25  2:52  Refinery  
  25  2:53  SCV  
  26  3:09  SCV  
  27  3:14  Reaper  
  27  3:16  Marine x2  
  30  3:21  SCV  
  31  3:33  SCV  
  32  3:38  Command Center  
  32  3:39  Reaper  
  33  3:42  Reaper  
  33  3:45  SCV  
  34  3:57  SCV  
  34  3:58  Factory  
  34  4:01  Reaper  
  36  4:03  Supply Depot  
  36  4:14  Reaper  
  36  4:16  Marine  
  38  4:17  SCV  
  39  4:29  SCV  
  39  4:33  Reaper  
  41  4:41  SCV  
  41  4:45  Marine  
  40  4:47  Hellion, Starport  
  40  4:50  Orbital Command  
  42  4:53  SCV  
  42  4:54  Marine  
  44  5:04  Marine x2  
  46  5:10  Factory Tech Lab  
  46  5:12  SCV  
  46  5:13  Marine  
  46  5:19  SCV  
  44  5:24  Marine x2  
  44  5:26  Medivac  
  44  5:28  Siege Tank  
  47  5:37  Marine  
  46  5:45  Marine  
  46  5:46  SCV  
  46  5:53  SCV  
  46  5:54  Marine  
  46  5:58  SCV  
  46  6:00  Siege Tank  
  46  6:03  Marine  
  47  6:06  SCV  
  47  6:10  SCV  
  48  6:18  SCV, Marine  
  47  6:20  Marine  
  47  6:23  Refinery  
  47  6:25  SCV  
  49  6:31  SCV  
  43  6:39  SCV  
  39  6:41  Marine x2  
  39  6:43  SCV  
  36  6:49  Siege Tank  
  36  6:51  SCV  
  39  6:57  SCV  
  39  6:59  Marine  
  40  7:06  SCV  
  41  7:16  Engineering Bay  
  41  7:20  Marine  
  41  7:21  Marine  
  43  7:23  SCV  
  43  7:26  SCV  
  43  7:27  Orbital Command  
  45  7:34  Supply Depot  
  45  7:35  SCV  
  46  7:44  Missile Turret  
  46  7:50  Missile Turret  
  46  7:55  SCV x2, Viking  
  53  7:58  Siege Tank  
  53  7:59  Barracks Tech Lab  
  53  8:03  Refinery  
  53  8:08  SCV  
  54  8:16  Barracks Reactor  
  54  8:30  Stimpack  
  54  8:33  Supply Depot  
  54  8:34  Command Center, Refinery  
  54  8:35  Supply Depot  
  54  8:38  Marine  
  54  8:39  SCV x2, Starport Reactor  
  57  8:51  SCV x2, Barracks  
  57  8:53  Barracks  
  57  8:55  Marine x2  
  61  8:56  Marine  
  62  9:03  SCV x2, Barracks  
  62  9:04  Siege Tank  
  67  9:13  Marine x2  
  67  9:15  SCV x2  
  67  9:16  Viking  
  73  9:18  Viking  
  73  9:22  Supply Depot  
  73  9:23  Marine  
  76  9:27  SCV  
  76  9:31  Marine  
  77  9:38  Supply Depot  
  78  9:41  Barracks Reactor x2  
  78  9:43  SCV x2, Marine x2  
  82  9:46  Orbital Command  
  82  9:52  Viking  
  84  9:55  SCV, Barracks Reactor  
  84  9:59  Supply Depot  
  86  10:00  Marine  
  86  10:01  Marine  
  86  10:05  SCV  
  88  10:08  Siege Tank  
  88  10:10  SCV  
  88  10:12  Viking  
  94  10:14  SCV  
  94  10:17  SCV  
  96  10:21  Orbital Command  
  96  10:22  SCV, Viking  
  96  10:28  Marine x3  
  102  10:31  Marine x2  
  102  10:34  Combat Shields  
  104  10:38  SCV  
  104  10:42  SCV  
  104  10:46  SCV  
  104  10:48  Siege Tank  
  104  10:50  SCV  
  104  10:54  Viking  
  107  11:03  SCV  
  107  11:24  Siege Tank  
  109  11:27  Medivac  
  109  11:29  Terran Infantry Weapons Level 1, Marine  
  109  11:30  Factory, Marine x4  
  109  11:31  Marine x4  
  116  11:44  Medivac  
  116  11:47  Marine  
  117  11:56  Siege Tank  
  117  12:00  Marine  
  117  12:01  Marine x4  
  116  12:04  Marine  
  116  12:05  Marine  
  116  12:06  Supply Depot  
  116  12:07  Supply Depot x2  
  117  12:10  Missile Turret  
  117  12:11  Missile Turret x2  
  117  12:15  Sensor Tower, Marine  
  116  12:18  Marine  
  116  12:22  Marine  
  117  12:25  Marine  
  117  12:26  Marine x2  
  117  12:27  Marine x3  
  117  12:28  Factory Tech Lab, Siege Tank  
  120  12:33  Medivac  
  120  12:35  Marine x2  
  115  12:40  Marine  
  115  12:44  Marine x2  
  110  12:45  Marine  
  110  12:46  Marine x2  
  106  12:53  Marine  
  106  12:58  Marine  
  104  13:02  Marine x2  
  104  13:03  Marine  
  104  13:04  Marine x2  
  99  13:08  Siege Tank  
  99  13:09  Factory Tech Lab  
  99  13:11  Marine  
  100  13:15  Marine  
  100  13:19  Marine, Medivac  
  98  13:20  Marine x2  
  98  13:21  Marine  
  98  13:24  Marine  
  102  13:29  Marine  
  102  13:33  Marine  
  99  13:35  Siege Tank  
  99  13:37  Marine  
  99  13:38  Marine x2  
  104  13:46  Medivac  
  106  13:49  Medivac  
  108  13:57  Siege Tank, Marine x2  
  108  13:58  Marine  
  108  14:02  Marine x3  
  117  14:08  Marine  
  111  14:15  Marine x3  
  108  14:19  Marine x2  
  108  14:20  Marine  
  110  14:26  Marine  
  100  14:33  Marine x3  
  100  14:37  Marine x3  
Show
View Real Time Build Order
Export as new Build Order

Beastyqt Terran - Winner!

Build Orders:  

Get SALT Encoding   

  13  0:09  Supply Depot  
  12  0:31  Barracks  
  12  0:36  Refinery  
  12  0:50  Barracks  
  12  1:18  Orbital Command  
  12  1:19  Reaper  
  13  1:38  Reaper  
  14  1:50  SCV  
  15  1:59  Bunker  
  15  2:01  Reaper  
  16  2:13  SCV  
  16  2:15  Reaper  
  17  2:32  SCV  
  17  2:34  Reaper  
  19  2:40  Barracks  
  19  2:42  Barracks  
  19  2:46  SCV  
  19  2:48  Refinery  
  20  2:56  Reaper  
  21  3:02  Bunker  
  20  3:14  Supply Depot  
  20  3:15  SCV  
  21  3:20  Reaper  
  23  3:29  Reaper  
  23  3:36  Reaper  
  23  3:37  Supply Depot  
  24  3:42  SCV  
  24  3:43  Reaper  
  26  3:54  SCV  
  26  3:55  Reaper  
  28  4:02  Reaper  
  29  4:06  SCV  
  29  4:08  Supply Depot  
  30  4:14  Reaper  
  31  4:18  SCV  
  31  4:21  Reaper  
  34  4:31  Reaper  
  34  4:32  SCV  
  34  4:33  Supply Depot  
  35  4:42  Reaper  
  37  4:52  Reaper  
  35  5:02  Reaper  
  36  5:12  Command Center, SCV  
  36  5:21  Reaper x2  
  36  5:24  SCV  
  38  5:36  SCV, Reaper x2  
  41  5:49  SCV  
  42  5:53  Reaper  
  43  6:01  Reaper, Engineering Bay  
  44  6:15  SCV  
  45  6:19  Marine x2  
  45  6:25  Factory, Orbital Command, Marine  
  48  6:30  SCV  
  43  6:40  Marine x2  
  43  6:42  SCV  
  43  6:52  SCV  
  40  7:00  SCV  
  42  7:04  SCV  
  40  7:12  SCV  
  40  7:13  Factory Tech Lab  
  40  7:14  Starport  
  39  7:20  Missile Turret  
  39  7:23  SCV, Missile Turret  
  39  7:26  Barracks Reactor, Barracks Tech Lab  
  40  7:34  Missile Turret  
  40  7:39  Siege Tank  
  40  7:42  Missile Turret  
  40  7:43  SCV  
  40  7:44  SCV  
  45  7:46  Stimpack  
  45  7:53  Marine  
  45  7:55  SCV  
  45  7:56  SCV  
  45  7:57  Refinery  
  45  7:58  Refinery  
  47  8:07  SCV  
  47  8:08  SCV  
  47  8:09  Viking x2  
  50  8:19  SCV  
  51  8:21  Marine  
  51  8:22  SCV  
  51  8:29  Barracks Reactor  
  51  8:31  SCV  
  51  8:34  SCV  
  51  8:36  Barracks Reactor  
  51  8:38  Marine  
  51  8:41  Viking  
  51  8:43  Command Center, SCV  
  51  8:46  Viking  
  56  8:49  Marine  
  56  8:53  SCV  
  58  8:56  Marine  
  58  8:58  Supply Depot  
  58  8:59  Supply Depot  
  58  9:01  Siege Tank  
  62  9:03  SCV  
  62  9:08  Marine x3  
  66  9:11  Supply Depot  
  66  9:13  Viking  
  66  9:14  Marine x2  
  70  9:21  Viking  
  73  9:25  Marine  
  73  9:26  Marine  
  73  9:29  Marine  
  75  9:32  Marine x2  
  75  9:33  SCV  
  78  9:41  SCV  
  78  9:43  Refinery  
  78  9:45  Supply Depot  
  82  9:47  Marine x2  
  82  9:48  Medivac  
  82  9:49  Barracks Reactor  
  82  9:50  Medivac  
  82  9:51  SCV, Marine  
  82  9:52  Marine  
  88  9:55  SCV  
  89  10:03  Combat Shields  
  89  10:04  Supply Depot, Marine x2  
  89  10:05  Barracks, Marine  
  92  10:07  SCV  
  92  10:13  Siege Tank  
  92  10:14  Marine x2  
  98  10:21  Orbital Command  
  98  10:22  Marine  
  98  10:28  Marine x3  
  101  10:29  Marine  
  101  10:32  Marine  
  101  10:34  Marine  
  105  10:40  Marine  
  106  10:46  Marine x4  
  106  10:47  SCV  
  106  10:49  Marine  
  108  10:53  Siege Tank, Marine x2  
  108  10:54  Medivac  
  108  10:55  Medivac  
  118  10:58  Marine  
  118  11:03  Marine  
  118  11:04  Marine x2  
  118  11:08  Marine x2  
  118  11:09  SCV x2  
  118  11:10  SCV  
  125  11:14  Supply Depot  
  125  11:17  Barracks Reactor  
  125  11:18  Supply Depot  
  125  11:20  Terran Infantry Weapons Level 1  
  125  11:36  Marine x7  
  132  11:51  Siege Tank  
  132  11:53  Marine  
  132  11:54  Marine x3  
  136  11:56  Marine x2  
  136  12:00  SCV  
  140  12:03  SCV x2, Sensor Tower  
  140  12:04  Command Center  
  140  12:07  Marine  
  140  12:08  Marine  
  141  12:17  Supply Depot  
  141  12:24  Marine x2  
  141  12:27  Marine  
  141  12:31  Marine x2  
  141  12:32  Marine  
  141  12:33  Siege Tank  
  141  12:35  Marine  
  141  12:36  Marine  
  139  12:38  Marine  
  139  12:39  Medivac x2  
  139  12:41  Marine  
  139  12:42  Marine  
  144  12:45  Marine  
  144  12:49  Marine x3  
  142  12:53  Marine  
  142  12:54  Marine  
  142  12:57  Marine  
  142  12:59  Marine  
  142  13:00  Marine  
  142  13:02  Marine  
  142  13:05  Siege Tank  
  135  13:07  Marine x3  
  135  13:09  Medivac x2  
  135  13:10  Marine  
  135  13:12  Marine  
  141  13:14  Marine  
  141  13:17  Marine  
  141  13:18  Marine  
  139  13:20  Marine  
  139  13:24  Marine  
  139  13:25  Marine  
  142  13:28  Armory  
  142  13:31  Engineering Bay  
  142  13:32  SCV  
  142  13:33  SCV  
  142  13:34  Marine x2  
  139  13:37  Siege Tank, Marine  
  140  13:43  SCV  
  140  13:44  SCV, Refinery  
  140  13:45  Marine  
  140  13:46  Marine  
  140  13:47  Marine x2  
  144  13:55  Marine x2  
  141  14:03  Marine  
  141  14:04  Marine x2  
  141  14:05  Marine x3  
  141  14:06  Marine  
  141  14:09  Siege Tank  
  145  14:13  Marine x2  
  144  14:19  Planetary Fortress  
  144  14:21  Marine x2  
  145  14:26  Marine  
  145  14:27  Marine  
  143  14:32  Marine x2  
  143  14:33  Marine x2  
  143  14:37  Marine  

Tags
 
Add a new tag
Caveats
  • Supply blocks, unpowered buildings, or Contaminate may cause inaccurate times.
  • Supply counts are checked every 10 seconds.